 Dungeon Crawl Stone Soup version 0.30.1 (webtiles) character file.

Game seed: 3194421375437651730

5 javelincjr the Caller (level 1, 0/11 HPs)
             Began as an Octopode Summoner on July 3, 2023.
             Slain by a quokka (4 damage)
             ... on level 1 of the Dungeon.
             The game lasted 00:00:40 (202 turns).

javelincjr the Caller (Octopode Summoner)            Turns: 202, Time: 00:00:40

Health: 0/11       AC:  1    Str:  7    XL:     1   Next: 80%
Magic:  0/3        EV: 13    Int: 17    God:
Gold:   32         SH:  0    Dex: 12    Spells: 3/4 levels left

rFire   . . .        (no weapon)
rCold   . . .        (no shield)
rNeg    . . .        (helmet restricted)
rPois   .            (no amulet)
rElec   .            (no ring)
rCorr   .            (no ring)
SInv    .            (no ring)
Will    .....        (no ring)
Stlth   +++          (no ring)
HPRegen 0.21/turn    (no ring)
MPRegen 0.08/turn    (no ring)
                     (no ring)

%: no passive effects
@: no status effects
A: almost no armour, amphibious, 8 rings, camouflage 1, gelatinous body 1,
(nimble swimmer 1), tentacles
a: no special abilities


You were on level 1 of the Dungeon.
You visited 1 branch of the dungeon, and saw 1 of its levels.

You collected 32 gold pieces.

Inventory:

Scrolls
 b - a scroll of poison {unknown}
 c - a scroll of identify {unknown}
Potions
 a - a potion of magic


   Skills:
 + Level 2.1 Dodging
 + Level 2.9 Stealth
 + Level 2.1 Spellcasting
 + Level 4.0 Summonings


You had 3 spell levels left.
You knew the following spells:

 Your Spells              Type           Power      Damage    Failure   Level
a - Summon Small Mammal   Summ           60%        N/A       3%          1

Your spell library contained the following spells:

 Spells                   Type           Power      Damage    Failure   Level
 Call Imp                 Summ           30%        N/A       5%          2
 Call Canine Familiar     Summ           15%        N/A       11%         3
 Summon Guardian Golem    Hex/Summ       8%         N/A       26%         3
 Summon Lightning Spire   Summ/Air       8%         N/A       63%         4


Dungeon Overview and Level Annotations

Branches:
Dungeon (1/15)

Altars:


Innate Abilities, Weirdness & Mutations

You cannot wear most types of armour.
You are amphibious.
You can wear up to eight rings at the same time.
Your skin changes colour to match your surroundings (Stealth+).
Your rubbery body absorbs attacks. (AC +1, EV +1)
((You are camouflaged when in or above water. (Stealth+)))
You have tentacles for arms and can constrict up to eight enemies at once.


Message History

The kobold is severely wounded.
You constrict the kobold.
You kill the kobold!
Your bat barely misses the hobgoblin.
The bat completely misses you. The bat hits your bat.
Your bat closely misses the bat.
The hobgoblin hits you. The bat closely misses your quokka.
You tentacle-slap the hobgoblin. Your grab misses the hobgoblin.
You squeeze the hobgoblin, but do no damage.
The hobgoblin is heavily wounded.
Your bat hits the bat. The bat closely misses you. The bat barely misses you.
Your bat hits the bat.
Your quokka barely misses the hobgoblin.
Your bat hits the bat.
The hobgoblin hits you but does no damage.
The bat misses your bat.
You completely miss the bat. Your grab misses the bat.
The bat is severely wounded.
The bat hits you. The bat hits you but does no damage.
Your bat closely misses the bat.
Your bat hits the bat but does no damage.
The bat closely misses your bat.
Your quokka barely misses the hobgoblin.
The hobgoblin hits you.
* * * LOW HITPOINT WARNING * * *
The bat misses your bat.
Your bat misses the bat.
You are too injured to fight recklessly!
The bat misses your bat.
Your quokka closely misses the hobgoblin.
Your bat closely misses the quokka.
The quokka misses your bat.
The hobgoblin completely misses your bat.
Your quokka bites the hobgoblin.
The bat misses your quokka.
Your bat barely misses the bat.
Your quokka bites the hobgoblin.
The hobgoblin dies!
The dart slug launches a dart at you. The slug dart misses you.
Something closely misses your bat.
Your quokka barely misses the bat.
Your bat hits the bat. The quokka attacks as you move away!
The quokka bites you.
You die...

...........................
..........##.#......>......
..........# .#.......####..
.....b.r..##.#.......#####.
......b...##.#...........#.
......)..# #K#...........#.
#....###b###.#....)......#.
+........r...+...........#.
#....###.#@#.#...........#.
..........................
#####.#.#.#.......#####.
###.#..####'#####...
........# #.........
.....#..# #..##.....
####w#..# #..#..#... ..#..#
#..#.##... ..##..#
#..#.##...


You could see a dart slug, a quokka, 2 bats, a kobold (asleep), a friendly
quokka (summoned) and a friendly bat (summoned).

Vanquished Creatures
  A kobold (D:1)
  2 rats (D:1)
3 creatures vanquished.

Vanquished Creatures (collateral kills)
  A hobgoblin (D:1)
  A quokka (D:1)
  A rat (D:1)
3 creatures vanquished.

Grand Total: 6 creatures vanquished

Notes
Turn   | Place    | Note
-------+----------+-------------------------------------------
     0 | D:1      | javelincjr the Octopode Summoner began the quest for the
                  | Orb.
     0 | D:1      | Reached XP level 1. HP: 11/11 MP: 3/3
   202 | D:1      | Slain by a quokka

Illustrated notes

Levels and vault maps discovered:
D:1:      dpeg_arrival_shrine, layout_basic

Action                     || total
---------------------------++-------
  Melee: Unarmed           ||    13
         Constrict         ||     3
         Tentacles         ||     3
   Cast: Summon Small Mamm ||    10
   Stab: Sleeping          ||     1
 Armour: Skin              ||     6
  Dodge: Dodged            ||    22
